 Dungeon Crawl Stone Soup version 0.29.1-12-g30fa7ad0bf (webtiles) character file.

Game seed: 10046917866023955496

59 Radix the Sneak (level 3, 0/22 HPs)
             Began as a Deep Elf Brigand on Jan 16, 2023.
             Slain by an orc wizard
             ... wielding a +0 mace
              (6 damage)
             ... on level 2 of the Dungeon.
             The game lasted 00:06:49 (1700 turns).

Radix the Sneak (Deep Elf Brigand)                  Turns: 1700, Time: 00:06:50

Health: 0/22       AC:  5    Str:  8    XL:     3   Next: 78%
Magic:  5/5        EV: 11    Int: 17    God:
Gold:   55         SH:  0    Dex: 16    Spells: 2/2 levels left

rFire   . . .      SeeInvis .   f - +2 short sword (freeze)
rCold   . . .      Faith    .   (no shield)
rNeg    . . .      Spirit   .   l - +0 leather armour
rPois   .          Reflect  .   (no helmet)
rElec   .          Harm     .   c - +0 cloak
rCorr   .          Rampage  .   (no gloves)
Will    .....                   i - +0 pair of boots
Stlth   +.........              (no amulet)
HPRegen 0.07/turn               (no ring)
MPRegen 0.09/turn               (no ring)

@: confused
A: no striking features
a: no special abilities


You were on level 2 of the Dungeon.
You visited 1 branch of the dungeon, and saw 4 of its levels.

You collected 55 gold pieces.

Inventory:

Hand Weapons
 a - a +2 dagger
 f - a +2 short sword of freezing (weapon)
Missiles
 d - 9 poisoned darts (quivered)
 e - 3 curare-tipped darts
Armour
 b - a +0 robe
 c - a +0 cloak (worn)
 i - a +0 pair of boots (worn)
 l - a +0 leather armour (worn)
Wands
 q - a wand of mindburst (21)
Scrolls
 g - a scroll of teleportation {unknown}
 h - a scroll of identify {unknown}
 j - a scroll of amnesia {unknown}
 m - a scroll of fear {unknown}
 o - a scroll of noise {unknown}
 r - a scroll of blinking {unknown}
Potions
 k - 2 potions of resistance {unknown}
 n - a potion of magic {unknown}
 p - a potion of curing {unknown}


   Skills:
 + Level 2.4 Fighting
 + Level 3.0 Short Blades
 - Level 2.0 Throwing
 - Level 1.2 Dodging
 + Level 5.3 Stealth


You had 2 spell levels left.
You didn't know any spells.
Your spell library was empty.

Dungeon Overview and Level Annotations

Branches:
Dungeon (4/15)
 Temple: D:4-7

Altars:


Message History

Your Short Blades skill increases to level 3!
You hit the kobold. You freeze the kobold.
You kill the kobold!
The kobold throws a stone.
The stone barely misses you. The kobold hits you but does no damage.
You barely miss the kobold. The kobold hits you with a +0 dagger.
You hit the kobold. You freeze the kobold.
You kill the kobold!
A goblin comes into view. It is wielding a +0 club.
Things that are here:
a +0 dagger; 5 stones; a kobold corpse You hit the goblin.
You freeze the goblin.
You kill the goblin!
You start resting.
HP restored.
p - a grey potion
q - a wand of mindburst (21)
r - a scroll labelled RABRANUROX An endoplasm comes into view.
The helpless endoplasm fails to defend itself.
You puncture the endoplasm! You freeze the endoplasm.
You kill the endoplasm!
The orc shouts!
The orc wizard shouts!
You hear a shout!
A kobold comes into view. It is wielding a +0 short sword.
The orc wizard casts a spell at you. The puff of flame hits you!
You closely miss the orc wizard. The orc wizard casts a spell at you.
You are confused.
You barely miss the orc wizard. Your punch misses the orc wizard.
The orc wizard hits you but does no damage.
A rat comes into view.
A bat comes into view.
The orc wizard casts a spell at you. The magic dart hits you!
* * * LOW HITPOINT WARNING * * *
The bat moves out of view.
The orc wizard attacks as you move away!
The orc wizard hits you with a +0 mace.
You die...

#......# ######## ### #
..#.# ##############
#.#.# ............ ....
#........#########.####
#........+.............
##.....@..#########.####
+......o.............).)
#######o#.#####.........
.K.#..# #.........
.....##.# #.........
.......# .# #.........
......r# .# #.........
.......# .# #.........
.......# .# ##########


You could see an orc wizard, an orc, a kobold and a rat.

Vanquished Creatures
  3 dart slugs (D:1)
  3 orcs (D:2)
  9 endoplasms
  2 giant cockroaches (D:1)
  4 goblins
  4 hobgoblins
  3 jackals (D:1)
  5 kobolds
  2 quokkas (D:1)
  3 ball pythons
  A bat (D:1)
  A frilled lizard (D:1)
  3 rats (D:1)
43 creatures vanquished.

Notes
Turn   | Place    | Note
-------+----------+-------------------------------------------
     0 | D:1      | Radix the Deep Elf Brigand began the quest for the Orb.
     0 | D:1      | Reached XP level 1. HP: 12/12 MP: 3/3
   139 | D:1      | Reached XP level 2. HP: 7/17 MP: 4/4
   673 | D:1      | Reached skill level 5 in Stealth
   915 | D:1      | Reached XP level 3. HP: 21/21 MP: 5/5
  1044 | D:1      | You fall into a shaft and drop 1 floor!
  1700 | D:2      | Slain by an orc wizard

Illustrated notes

Levels and vault maps discovered:
D:1:      onia_arrival_handbag, layout_basic
D:2:      layout_basic, hex_tiny, grunt_ministairs_12, minmay_tetromino_l2
D:3:      layout_loops_cross, dk_noncrumbling_4
D:4:      layout_layer_cave, old_standard_altar, lemuel_round_altar

Skill      XL: |  1  2  3 |
---------------+----------+-----
Fighting       | 2 |  2.4
Stealth        | 5 |  5.3
Short Blades   | 3 |  3.0
Throwing       | |  2.0
Dodging        | |  1.2

Action                   || total
-------------------------++-------
Melee: Dagger            ||    12
       Short sword       ||    74
 Stab: Sleeping          ||    16
Armor: Robe              ||     4
       Leather armour    ||    10
Dodge: Dodged            ||    43
